cohdb
Replays
Latest Replays
All Replays
Popular Replays
Top Player Replays
Match Explorer
How It Works
Community
CoH3 Stats
Reddit
Sign in to upload your games and track your stats! →
Sign in with Steam
Match 45867829
Unlisted
Match 45867829
Overview
Messages
Build Orders
End
Construct Section Command Post
Vickers Machine Gun Team
Dingo Light Scout Car
Infantry Section
Selects Canadian Shock Battlegroup
Selects Canadian Shock Battlegroup
Selects Attacking Spirit
Selects Canadian Shock Section
Infantry Section
Construct Field Infirmary
Selects Incendiary Munitions
Infantry Section
Construct Platoon Command Post
Unlock Bishop Self-propelled Artillery
Humber Armored Car
6-pounder Anti-tank Gun Team
Selects Pyrotechnics
Bishop Self-propelled Artillery
6-pounder Anti-tank Gun Team
Canadian Shock Section
AI Takeover
ZELOT
DirtyDan
Swan
金丝猴
0
0
Comments
sign in to comment!
No comments posted yet!